 Dungeon Crawl Stone Soup version 0.25-a0-424-g80bd347ae0 (webtiles) character file.

Game seed: 1800921491277610942, levelgen mode: deterministic

447 Gargoyl the Skirmisher (level 6, 0/52 HPs)
             Began as a Centaur Abyssal Knight on Jan 23, 2020.
             Was a Believer of Lugonu.
             Killed by divine providence
             ... invoked by an orc priest
              (13 damage)
             ... on level 4 of the Dungeon.
             The game lasted 00:06:23 (4327 turns).

Gargoyl the Skirmisher (Centaur Abyssal Knight)     Turns: 4327, Time: 00:06:24

Health: 0/52       AC: 13    Str: 15    XL:     6   Next: 73%
Magic:  8/8        EV:  2    Int: 11    God:    Lugonu [**....]
Gold:   185        SH:  0    Dex: 10    Spells: 5/5 levels left

rFire    . . .     SeeInvis .   a - +1 hand axe
rCold    . . .     Gourm    .   (no shield)
rNeg     . . .     Faith    .   n - +1 plate armour
rPois    .         Spirit   .   e - +1 helmet
rElec    .         Reflect  .   (no cloak)
rCorr    .         Harm     .   l - +0 pair of gloves
MR       .....                  (no barding)
Stlth    ..........             (no amulet)
HPRegen  0.17/turn              (no ring)
MPRegen  0.11/turn              (no ring)

@: very quick
A: large, hooves 3, deformed body, speed 2, tough skin 3
a: Depart the Abyss, Bend Space, Renounce Religion


You were on level 4 of the Dungeon.
You worshipped Lugonu.
Lugonu was pleased with you.
You were not hungry.

You visited 1 branch of the dungeon, and saw 4 of its levels.
You visited the Abyss 1 time.

You collected 185 gold pieces.

Inventory:

Hand Weapons
 a - a +1 hand axe (weapon)
Armour
 e - a +1 helmet (worn)
 l - a +0 pair of gloves (worn)
 n - a +1 plate armour (worn)
Wands
 i - a wand of random effects (29)
Scrolls
 g - 3 scrolls of identify
 h - 4 scrolls of remove curse
 k - a scroll of teleportation
 m - a scroll of fear
Potions
 f - a potion of agility
 j - a potion of brilliance
Comestibles
 c - 10 rations
 o - 9 chunks of flesh


   Skills:
 + Level 3.8 Fighting
 + Level 3.5 Axes
 * Level 3.4 Armour
 * Level 1.9 Dodging
 * Level 3.3 Invocations


You had 5 spell levels left.
You didn't know any spells.
Your spell library was empty.

Dungeon Overview and Level Annotations

Branches:
Dungeon (4/15)
 Temple: D:4-7

Altars:
Hepliaklqana


Innate Abilities, Weirdness & Mutations

You have hooves in place of feet.
Armour fits poorly on your strangely shaped body.
You cover ground very quickly.
You have extremely tough skin. (AC +3)


Message History

* * * LOW HITPOINT WARNING * * *
The orc wizard hits you but does no damage.
The orc priest calls upon Beogh to heal the orc priest.
The orc priest is healed somewhat.
You hit the orc priest but do no damage.
The orc priest is almost dead.
You hit the orc wizard.
You hit the orc priest but do no damage.
The orc priest hits you but does no damage.
The orc priest calls upon Beogh to heal the orc wizard.
The orc wizard's wounds heal themselves!
The orc wizard barely misses you.
You completely miss the orc priest.
The orc priest is almost dead.
Your plate armour prevents you from hitting the orc wizard.
You hit the orc priest.
The orc priest hits you but does no damage.
The orc priest calls down the wrath of Beogh upon you.
Beogh smites you!
You die...

......### #.......
.........# ########
.........#
.........#######
..............#
.....%........######
#$.........##....
#####>.........##....
#..o@........>.''....
#...oo.........##....
#..........##.###....
#####+####.##.# #....
#.##.# ##### ..##.#..
####.#. .. ...
#.#####.#


You could see 2 orc priests and an orc wizard.

Vanquished Creatures
  A water moccasin zombie (D:3)
  2 orc priests
  A hound (D:4)
  3 orc wizards
  An iguana (D:4)
  Robin (D:4)
  3 gnolls (D:3)
  6 adders
  An ooze (D:4)
  3 worms (D:3)
  2 dart slugs
  2 leopard geckos
  13 orcs
  A ball python (D:2)
  2 giant cockroaches
  12 goblins
  8 hobgoblins
  3 jackals (D:3)
  4 kobolds
  3 quokkas
  3 bats
  A frilled lizard (D:1)
  3 rats
79 creatures vanquished.

Notes
Turn   | Place    | Note
-------+----------+-------------------------------------------
     0 | Abyss:1  | Gargoyl the Centaur Abyssal Knight began the quest for the
                  | Orb.
     0 | Abyss:1  | Reached XP level 1. HP: 19/19 MP: 2/2
    39 | Abyss:1  | Noticed a large abomination
    57 | Abyss:2  | Noticed a small abomination
    85 | Abyss:3  | Noticed a shadow
   113 | Abyss:3  | Noticed a thrashing horror
   113 | Abyss:3  | Noticed a thrashing horror
   114 | D:1      | Escaped the Abyss
   222 | D:1      | Reached * piety under Lugonu
   477 | D:1      | Reached XP level 2. HP: 25/26 MP: 3/3
  1179 | D:2      | Found a hazy altar of Hepliaklqana.
  1339 | D:2      | Reached skill level 1 in Dodging
  1638 | D:3      | HP: 1/26 [poisoned by an adder]
  1792 | D:4      | Reached XP level 3. HP: 3/31 MP: 4/4
  1794 | D:4      | HP: 1/31 [adder (3)]
  2109 | D:4      | Reached XP level 4. HP: 5/38 MP: 5/5
  2499 | D:3      | Reached XP level 5. HP: 18/46 MP: 5/7
  3058 | D:3      | Reached ** piety under Lugonu
  3628 | D:3      | Reached XP level 6. HP: 47/52 MP: 8/8
  4028 | D:4      | Noticed Robin
  4061 | D:4      | Killed Robin
  4327 | D:4      | Killed from afar by an orc priest

Levels and vault maps discovered:
D:1:      minmay_arrival_three_doors, layout_basic, serial_bayou_lake_a
D:2:      layout_basic, lemuel_doored_altar
D:3:      layout_basic, first_ration, chequers_serial_rivers_micro_e
D:4:      layout_basic, uniq_robin

Skill      XL: |  1  2  3  4  5 |
---------------+----------------+-----
Dodging        | 1 |  1.9
Axes           | 2 3 |  3.5
Armour         | 2 3 |  3.4
Invocations    | 3 |  3.3
Fighting       | |  3.8

Action                   |  1- 3 |  4- 6 || total
-------------------------+-------+-------++-------
Melee: Hand axe          |    63 |   182 ||   245
       Kick              |     7 |    43 ||    50
Invok: Depart the Abyss  |     1 |       ||     1
  Use: Potion            |     4 |       ||     4
       Scroll            |     8 |     2 ||    10
  Eat: Chunk             |     2 |     7 ||     9
Armor: Leather armour    |     3 |       ||     3
       Plate armour      |    29 |   153 ||   182
       Chain mail        |     8 |       ||     8
Dodge: Dodged            |    17 |    17 ||    34

Table legend:
 A = Non-vault XP
 B = Vault XP
 C = Vault XP percentage of total XP
 D = Non-vault monster count
 E = Vault monster count
 F = Vault count percentage of total count
                 A         B        C        D         E       F
            +---------+---------+-------+---------+---------+-------
      Total |     604 |      35 |   5.5 |      68 |      11 |  13.9
            +---------+---------+-------+---------+---------+-------
        D:1 |      13 |       0 |   0.0 |       7 |       0 |   0.0
        D:2 |      15 |       0 |   0.0 |       8 |       0 |   0.0
        D:3 |     312 |       0 |   0.0 |      35 |       0 |   0.0
        D:4 |     264 |      35 |  11.7 |      18 |      11 |  37.9
            +---------+---------+-------+---------+---------+-------
